 Dungeon Crawl Stone Soup version 0.28.0-53-g5a82cb258f (webtiles) character file.

Game seed: 3488196329749627071

119 RevDB the Magician (level 4, 0/35 HPs)
             Began as a Draconian Hedge Wizard on June 30, 2022.
             Slain by a gnoll sergeant
             ... wielding a +0 trident
              (10 damage)
             ... on level 2 of the Dungeon.
             The game lasted 00:22:20 (1948 turns).

RevDB the Magician (Draconian Hedge Wizard)         Turns: 1948, Time: 00:22:20

Health: 0/35       AC:  5    Str: 12    XL:     4   Next: 74%
Magic:  8/10       EV: 12    Int: 16    God:
Gold:   61         SH:  0    Dex: 11    Spells: 7/11 levels left

rFire   . . .      SeeInvis .   b - +0 halberd (venom)
rCold   . . .      Faith    .   (shield currently unavailable)
rNeg    . . .      Spirit   .   (armour unavailable)
rPois   .          Reflect  .   c - +0 hat
rElec   .          Harm     .   (no cloak)
rCorr   .          Rampage  .   (no gloves)
Will    .....                   (no boots)
Stlth   ++........              (no amulet)
HPRegen 0.11/turn               (no ring)
MPRegen 0.12/turn               (no ring)

@: no status effects
A: AC +5, unfitting armour, cold-blooded
a: no special abilities


You were on level 2 of the Dungeon.
You visited 1 branch of the dungeon, and saw 3 of its levels.

You collected 61 gold pieces.

Inventory:

Hand Weapons
 a - a +0 short sword
 b - a +0 halberd of venom (weapon)
 e - a +0 dagger
Missiles
 g - a throwing net
Armour
 c - a +0 hat (worn)
Magical Staves
 d - a staff of cold
Wands
 h - a wand of flame (20)
Potions
 f - a potion of degeneration {unknown}
 i - a potion of lignification {unknown}


   Skills:
 + Level 1.0 Fighting
 - Level 2.0 Dodging
 - Level 1.7 Stealth
 + Level 4.0 Spellcasting
 + Level 3.0 Conjurations
 + Level 1.3 Summonings
 - Level 1.0 Translocations


You had 7 spell levels left.
You knew the following spells:

 Your Spells              Type           Power      Damage    Failure   Level
a - Magic Dart            Conj           52%        1d5       4%          1
b - Slow                  Hex            12%        N/A       17%         1
c - Call Imp              Summ           7%         N/A       14%         2

Your spell library contained the following spells:

 Spells                   Type           Power      Damage    Failure   Level
 Blink                    Tloc           12%        N/A       17%         2
 Conjure Flame            Conj/Fire      8%         6-21      26%         3
 Mephitic Cloud           Conj/Pois/Air  6%         N/A       32%         3


Dungeon Overview and Level Annotations

Branches:
Dungeon (3/15)

Altars:


Innate Abilities, Weirdness & Mutations

Your plain brown scales are hard. (AC +5)
You cannot fit into any form of body armour.
You are cold-blooded and may be slowed by cold attacks.


Message History

A beastly little devil appears in a puff of flame.
The gnoll closely misses you.
The gnoll sergeant hits you but does no damage.
The gnoll hits you with a +0 whip. The gnoll sergeant barely misses you.
Your crimson imp hits the gnoll.
The gnoll sergeant hits you from afar with a +0 trident.
Your crimson imp blinks!
There is an escape hatch in the floor here.
Reach: b) +0 halberd (venom)
Press: ? - help, Dir - move target, f - gnoll
Aim: a gnoll, wielding a +0 whip (about 53% to evade your +0 halberd of venom)
You reach to attack!
You barely miss the gnoll. The gnoll hits you but does no damage.
Casting: Call Imp (safe; 14% risk of failure)
Press: ? - help, Q - select action, (/) - cycle Dir - look around, f - activate A beastly little devil appears in a puff of flame.
You swap places.
The gnoll sergeant blocks your crimson imp's attack.
Reach: b) +0 halberd (venom)
Press: ? - help, Dir - move target, f - gnoll sergeant
Aim: a gnoll sergeant, wielding a +0 trident, wearing a +0 scale mail and wearing a +0 kite shield (ally target, about 42% to evade your +0 halberd of venom)
You could not reach far enough!
The gnoll sergeant closely misses you.
Your crimson imp hits the gnoll sergeant but does no damage.
The gnoll sergeant barely misses you.
Reach: b) +0 halberd (venom)
Press: ? - help, Dir - move target, f/p - gnoll sergeant
Aim: a gnoll sergeant, wielding a +0 trident, wearing a +0 scale mail and wearing a +0 kite shield (ally target, about 42% to evade your +0 halberd of venom)
You reach to attack!
The gnoll sergeant blocks your attack.
Your crimson imp barely misses the gnoll sergeant.
The gnoll sergeant hits you from afar with a +0 trident!
The gnoll sergeant blocks your crimson imp's attack.
Reach: b) +0 halberd (venom)
Press: ? - help, Dir - move target, f/p - gnoll sergeant
Aim: a gnoll sergeant, wielding a +0 trident, wearing a +0 scale mail and wearing a +0 kite shield (ally target, about 42% to evade your +0 halberd of venom)
You could not reach far enough!
The gnoll sergeant hits you from afar with a +0 trident!
* * * LOW HITPOINT WARNING * * *
Your crimson imp barely misses the gnoll sergeant.
The gnoll sergeant hits you from afar with a +0 trident!
You die...

.........# #(........# ###..
.........# #.........# ####...†
>........# #.........###.......
.........# #.........##........
.........# ####...##...........
........#########.#.##.###.......
.#.....##...##))).#.##.###......<
...######...##.####.##...........
...# #...##..@5gg.............
...## #..[.).#####.............
....### #...)..###...............
#.....###...)......#>#....#######
###.....#...........g..#.#####
.............................####
.............##.........####.....
...........#............# ###...
.÷....)......#..........# #...


You could see a gnoll sergeant (ally target), a gnoll and a friendly crimson imp
(summoned).

Vanquished Creatures
  A gnoll (D:2)
  An adder (D:2)
  A worm (D:2)
  2 dart slugs
  2 ball pythons
  An endoplasm (D:2)
  4 giant cockroaches
  5 goblins
  6 hobgoblins
  4 kobolds
  3 bats
  2 frilled lizards
  3 rats (D:2)
35 creatures vanquished.

Vanquished Creatures (collateral kills)
  Robin (D:2)
  3 gnolls (D:2)
  A bat (D:2)
  6 goblins (D:2)
  2 hobgoblins (D:2)
  A quokka (D:2)
  A ball python (D:2)
15 creatures vanquished.

Vanquished Creatures (others)
  13 plants (D:2)
13 creatures vanquished.

Grand Total: 63 creatures vanquished

Notes
Turn   | Place    | Note
-------+----------+-------------------------------------------
     0 | D:1      | RevDB the Draconian Hedge Wizard began the quest for the
                  | Orb.
     0 | D:1      | Reached XP level 1. HP: 14/14 MP: 4/4
     6 | D:1      | Learned a level 1 spell: Slow
   207 | D:1      | Found a faded altar of an unknown god.
   215 | D:1      | Reached XP level 2. HP: 19/20 MP: 1/6
   937 | D:2      | Reached XP level 3. HP: 26/26 MP: 4/8
  1035 | D:2      | Noticed Robin
  1041 | D:2      | Learned a level 2 spell: Call Imp
  1056 | D:2      | Killed Robin
  1266 | D:2      | Reached XP level 4. HP: 25/33 MP: 3/9
  1382 | D:2      | Reached skill level 4 in Spellcasting
  1835 | D:2      | Reached skill level 1 in Fighting
  1928 | D:3      | Noticed a gnoll sergeant
  1948 | D:2      | Slain by a gnoll sergeant

Illustrated notes

Levels and vault maps discovered:
D:1:      dpeg_arrival_tiny_c, layout_basic, chequers_ecumenical_altar_twisty,
          serial_glass, glass_columns_c, glass_columns_b
D:2:      layout_rooms, nicolae_grassy_gnolls, uniq_robin
D:3:      layout_basic, uniq_ijyb

Skill      XL: |  1  2  3  4 |
---------------+-------------+-----
Conjurations   | 2 3 |  3.0
Spellcasting   | 4 |  4.0
Dodging        | 2 |  2.0
Fighting       | 1 |  1.0
Stealth        | |  1.7
Summonings     | |  1.3
Translocations | |  1.0

Action                   |  1- 3 |  4- 6 || total
-------------------------+-------+-------++-------
Melee: Dagger            |    17 |       ||    17
       Short sword       |    32 |     6 ||    38
       Tailslap          |     5 |       ||     5
       Halberd           |       |     8 ||     8
 Cast: Magic Dart        |    68 |    16 ||    84
       Call Imp          |     6 |     7 ||    13
  Use: Scroll            |       |     2 ||     2
Armor: Skin              |    17 |     9 ||    26
Dodge: Dodged            |    38 |    19 ||    57
